[Event "Norm Congress-IM 2018"]
[Site "Saint Louis"]
[Date "2018.02.08"]
[Round "1"]
[White "Stearman, Josiah"]
[Black "Grabinsky, Aaron"]
[Result "1-0"]
[ECO "C01"]
[WhiteElo "2335"]
[BlackElo "2388"]
[Annotator "RC"]
[PlyCount "103"]
[EventDate "2018.??.??"]
[EventType "schev"]
[EventCountry "USA"]
[SourceTitle "playchess.com"]
[Source "ChessBase"]
[SourceQuality "1"]
[TimeControl "5400+30"]

1. e4 e6 2. d4 d5 3. exd5 exd5 4. Nf3 Nc6 5. Bd3 Bd6 6. O-O Nge7 7. Re1 O-O 8. c3 Bf5 9. Bxf5 Nxf5 10. Qd3 Qd7 11. Bg5 f6 12. Bh4 a6 13. Nbd2 Nce7 14. Bg3 Rfe8 15. Nf1 Ng6 16. N3d2 c6 17. Nb3 Bxg3 18. hxg3 Nd6 19. Nc5 Qf7 20. Nd2 Nf8 21. a4 a5 22. Qf3 b6 23. Nd3 Ne6 24. Qg4 h5 25. Qd1 Qg6 26. Rxe6 Rxe6 27. Nf4 Qf5 28. Nxe6 Qxe6 29. Qxh5 Re8 30. Nf3 Qc8 31. Nh4 Re4 32. Ng6 Qe6 33. Qh8+ Kf7 34. Nf4 Re1+ 35. Kh2 Qe4 36. f3 Qe3 37. Rxe1 Qxe1 38. Qd8 Nf5 39. Qc7+ Ne7 40. Qxb6 g5 41. Nd3 Qe3 42. Qa6 Nf5 43. Qxc6 Qxd3 44. Qxd5+ Kg6 45. g4 Ne3 46. Qe4+ Qxe4 47. fxe4 Kf7 48. Kg3 Ke6 49. Kf3 Nc2 50. Ke2 Kd6 51. Kd2 Na1 52. b3 {[%emt 0:00:23] Kd5} 1-0

[Event "Norm Congress-IM 2018"]
[Site "Saint Louis"]
[Date "2018.02.08"]
[Round "1"]
[White "Turgut, Tansel"]
[Black "Jacobson, Brandon"]
[Result "1-0"]
[ECO "A48"]
[WhiteElo "2224"]
[BlackElo "2351"]
[Annotator "RC"]
[PlyCount "121"]
[EventDate "2018.??.??"]
[EventType "schev"]
[EventCountry "USA"]
[SourceTitle "playchess.com"]
[Source "ChessBase"]
[SourceQuality "1"]
[TimeControl "5400+30"]

1. d4 Nf6 2. Nf3 g6 3. Bf4 Bg7 4. h3 O-O 5. e3 d6 6. Be2 b6 7. O-O Bb7 8. a4 a5 9. Bh2 Nbd7 10. c4 Re8 11. Nc3 Ne4 12. Nxe4 Bxe4 13. Nd2 Bb7 14. Bf3 Bxf3 15. Nxf3 e5 16. Qc2 Qe7 17. Rad1 Rad8 18. b3 f5 19. dxe5 dxe5 20. Rd5 c6 21. Rd2 Nc5 22. Rfd1 Rxd2 23. Rxd2 e4 24. Bd6 Qf6 25. Bxc5 bxc5 26. Nh2 Rb8 27. Nf1 h5 28. Qd1 Qc3 29. Rd7 Rxb3 30. Qd6 Qf6 31. Qxf6 Bxf6 32. Rd6 Kg7 33. Rxc6 Rb4 34. Rxc5 Rxa4 35. g4 hxg4 36. hxg4 fxg4 37. Ng3 Ra1+ 38. Kg2 a4 39. Nxe4 Bb2 40. Ra5 a3 41. Kg3 Rg1+ 42. Kf4 Rc1 43. Ra4 Rg1 44. Ra7+ Kh6 45. c5 g5+ 46. Kf5 Rg2 47. c6 g3 48. fxg3 Rc2 49. c7 Rc4 50. Nd6 Rc5+ 51. Ke6 Rxc7 52. Rxc7 a2 53. Ra7 a1=Q 54. Rxa1 Bxa1 55. Kf5 Bb2 56. Nf7+ Kh5 57. g4+ Kh4 58. e4 Ba3 59. e5 Be7 60. e6 Kg3 61. Ne5 1-0

[Event "Norm Congress-IM 2018"]
[Site "Saint Louis"]
[Date "2018.02.09"]
[Round "2"]
[White "Banawa, Joel"]
[Black "Turgut, Tansel"]
[Result "1-0"]
[ECO "D45"]
[WhiteElo "2401"]
[BlackElo "2224"]
[Annotator "ChessBase"]
[PlyCount "81"]
[EventDate "2018.??.??"]
[EventType "schev"]
[EventCountry "USA"]
[SourceTitle "playchess.com"]
[Source "ChessBase"]
[SourceQuality "1"]
[TimeControl "5400+30"]

1. c4 Nf6 2. Nc3 c6 3. Nf3 d5 4. e3 e6 5. d4 Nbd7 6. Qc2 Bd6 7. Bd3 dxc4 8. Bxc4 b5 9. Bd3 Bb7 10. O-O O-O 11. a3 Rc8 12. Qe2 a6 13. e4 e5 14. Rd1 Qe7 15. g3 Rfe8 16. Bc2 c5 17. dxe5 Nxe5 18. Nh4 g6 19. Bg5 c4 20. Ng2 h6 21. Bxh6 Nfg4 22. Bf4 f5 23. h3 Nf6 24. Nh4 Bc5 25. Kh2 Kg7 26. Bxe5 Qxe5 27. f4 Qe6 28. e5 Nd5 29. Nxd5 Bxd5 30. Nxg6 Rh8 31. Nh4 Rxh4 32. gxh4 Rh8 33. Rg1+ Kf8 34. Rg5 Rxh4 35. Bxf5 Qh6 36. Qd2 Qxg5 37. fxg5 Rd4 38. Qf2 Ke7 39. Bg4 Kd8 40. Rd1 Rxg4 41. Rxd5+ 1-0

[Event "Norm Congress-IM 2018"]
[Site "Saint Louis"]
[Date "2018.02.09"]
[Round "2"]
[White "Grabinsky, Aaron"]
[Black "Jacobson, Brandon"]
[Result "1-0"]
[ECO "A45"]
[WhiteElo "2388"]
[BlackElo "2351"]
[Annotator "NA"]
[PlyCount "77"]
[EventDate "2018.??.??"]
[EventType "schev"]
[EventCountry "USA"]
[SourceTitle "playchess.com"]
[Source "ChessBase"]
[SourceQuality "1"]
[TimeControl "5400+30"]

1. d4 Nf6 2. Bf4 g6 3. Nc3 d5 4. Qd2 c6 5. Bh6 Bxh6 6. Qxh6 Nbd7 7. Nf3 b5 8. e3 Qa5 9. Nd2 Qc7 10. a3 e5 11. Be2 Qd6 12. O-O Ng8 13. Qg5 f6 14. Qg3 Ke7 15. dxe5 fxe5 16. Rad1 Ngf6 17. Nde4 Qe6 18. Ng5 Qg8 19. Bg4 Nxg4 20. Qxg4 h6 21. Qb4+ Kd8 22. Nf3 Qe6 23. a4 Bb7 24. axb5 c5 25. Qa5+ Kc8 26. Rfe1 Rf8 27. Qa2 e4 28. Nd2 Qf7 29. Rf1 Ne5 30. Qa3 Qc7 31. Na4 Nd7 32. Nb3 a6 33. b6 Nxb6 34. Nxb6+ Qxb6 35. Nxc5 Rd8 36. Rd4 a5 37. Rfd1 Bc6 38. Nxe4 Kc7 39. Nc3 1-0

[Event "Norm Congress-IM 2018"]
[Site "Saint Louis"]
[Date "2018.02.09"]
[Round "2"]
[White "Torres Rosas, Luis Carlos"]
[Black "Zhou, Qiyu"]
[Result "1/2-1/2"]
[ECO "E32"]
[WhiteElo "2370"]
[BlackElo "2230"]
[Annotator "NA"]
[PlyCount "46"]
[EventDate "2018.??.??"]
[EventType "schev"]
[EventCountry "USA"]
[SourceTitle "playchess.com"]
[Source "ChessBase"]
[SourceQuality "1"]
[TimeControl "5400+30"]

1. d4 Nf6 2. c4 e6 3. Nc3 Bb4 4. Qc2 O-O 5. a3 Bxc3+ 6. Qxc3 b6 7. Bg5 Bb7 8. Nf3 d6 9. e3 Nbd7 10. Be2 Rc8 11. Bh4 c5 12. O-O Qc7 13. Rfd1 d5 14. Rac1 Ne4 15. Qe1 Qb8 16. cxd5 Bxd5 17. Ba6 Rc7 18. Qe2 Ndf6 19. dxc5 Rxc5 20. Nd4 Qc7 21. Nb5 Qc6 22. Nd4 Qc7 23. Nb5 Qc6 1/2-1/2

[Event "Norm Congress-IM 2018"]
[Site "Saint Louis"]
[Date "2018.02.09"]
[Round "2"]
[White "Stearman, Josiah"]
[Black "Wang, Justin"]
[Result "0-1"]
[ECO "C55"]
[WhiteElo "2335"]
[BlackElo "2368"]
[Annotator "NA"]
[PlyCount "190"]
[EventDate "2018.??.??"]
[EventType "schev"]
[EventCountry "USA"]
[SourceTitle "playchess.com"]
[Source "ChessBase"]
[SourceQuality "1"]
[TimeControl "5400+30"]

1. e4 e5 2. Nf3 Nc6 3. Bc4 Nf6 4. d3 Be7 5. O-O O-O 6. Re1 d6 7. a4 Na5 8. Ba2 c5 9. Nbd2 Be6 10. Bc4 Qd7 11. Qe2 Nc6 12. c3 Rae8 13. Nf1 a6 14. Ne3 d5 15. Ba2 h6 16. Qc2 Rd8 17. Bd2 dxe4 18. dxe4 Bxa2 19. Rxa2 Qd3 20. Qxd3 Rxd3 21. Nc4 Rfd8 22. a5 Bd6 23. Re2 Bc7 24. b3 Ne8 25. h3 f6 26. Ne1 R3d7 27. Be3 Nd6 28. Nxd6 Bxd6 29. Nd3 c4 30. bxc4 Be7 31. Nb2 Rc8 32. Na4 Bd8 33. Nb6 Bxb6 34. axb6 Nb8 35. Red2 Kf7 36. c5 Rcd8 37. Rdb2 Rd1+ 38. Kh2 Ke6 39. g3 R1d3 40. Rc2 Kd7 41. h4 h5 42. Kg2 Kc6 43. Kf3 Nd7 44. Ra5 Nf8 45. Ke2 Ne6 46. f4 R3d7 47. Kf3 Rd3 48. Ke2 R3d7 49. f5 Nd4+ 50. cxd4 exd4 51. Rc1 dxe3 52. Ra3 Rd2+ 53. Kxe3 Rg2 54. Kf4 Rdd2 55. Rf3 Rge2 56. Rc4 Kb5 57. Rcc3 Rd4 58. Rfe3 Rf2+ 59. Rf3 Rxf3+ 60. Kxf3 Kc6 61. g4 hxg4+ 62. Kf4 a5 63. h5 a4 64. Rg3 Kxc5 65. Rxg4 Rd7 66. Ke3 Kb5 67. Rg1 Kxb6 68. h6 gxh6 69. Rg6 Rf7 70. e5 Kc7 71. e6 Rf8 72. Rxh6 a3 73. Rh7+ Kc6 74. Rh2 b5 75. Kd4 Ra8 76. Ra2 Kd6 77. Kc3 Ke5 78. Kb4 Kxf5 79. e7 Re8 80. Rxa3 Rxe7 81. Rf3+ Kg5 82. Rg3+ Kf4 83. Rg1 Re5 84. Rf1+ Kg5 85. Rg1+ Kf5 86. Rf1+ Ke6 87. Rg1 Rd5 88. Re1+ Kf7 89. Rf1 f5 90. Rf2 Kf6 91. Rf1 Kg5 92. Rg1+ Kf4 93. Rf1+ Kg3 94. Rg1+ Kf2 95. Rg5 Ke3 0-1

[Event "Norm Congress-IM 2018"]
[Site "Saint Louis"]
[Date "2018.02.10"]
[Round "4"]
[White "Torres Rosas, Luis Carlos"]
[Black "Turgut, Tansel"]
[Result "1/2-1/2"]
[ECO "D45"]
[WhiteElo "2370"]
[BlackElo "2224"]
[Annotator "RC"]
[PlyCount "73"]
[EventDate "2018.??.??"]
[EventType "schev"]
[EventCountry "USA"]
[SourceTitle "playchess.com"]
[Source "ChessBase"]
[SourceQuality "1"]
[TimeControl "5400+30"]

1. d4 d5 2. c4 c6 3. Nf3 Nf6 4. Nc3 e6 5. e3 Nbd7 6. Qc2 Bd6 7. Bd3 O-O 8. O-O Qe7 9. b3 dxc4 10. bxc4 e5 11. c5 Bc7 12. Nd2 Re8 13. Nc4 e4 14. Be2 Nf8 15. Ba3 Ng6 16. Nd6 Bxd6 17. cxd6 Qe6 18. Qb3 Qf5 19. f4 b6 20. Rac1 Bd7 21. Nd1 h5 22. Nb2 Nd5 23. Nc4 f6 24. Qd1 h4 25. h3 Nf8 26. Bg4 Qg6 27. Bxd7 Nxd7 28. Qe1 Qh5 29. Rf2 g5 30. fxg5 Qxg5 31. Kh1 Kh8 32. Re2 Rac8 33. Nd2 a5 34. Qf2 b5 35. Rf1 Re6 36. Qf5 Qxf5 37. Rxf5 1/2-1/2

[Event "Norm Congress-IM 2018"]
[Site "Saint Louis"]
[Date "2018.02.10"]
[Round "4"]
[White "Stearman, Josiah"]
[Black "Colas, Joshua"]
[Result "0-1"]
[ECO "B15"]
[WhiteElo "2335"]
[BlackElo "2207"]
[Annotator "NA RC"]
[PlyCount "82"]
[EventDate "2018.??.??"]
[EventType "schev"]
[EventCountry "USA"]
[SourceTitle "playchess.com"]
[Source "ChessBase"]
[SourceQuality "1"]
[TimeControl "5400+30"]

1. e4 c6 2. d4 d5 3. Nc3 dxe4 4. Nxe4 Nf6 5. Nxf6+ exf6 6. Bc4 Bd6 7. Qe2+ Qe7 8. Qxe7+ Kxe7 9. Be3 {[%emt 0:00:30] B15: Caro-Kann: 3 Nc3: 3...g6 and 3...dxe4 4 Nxe4 Nf6 5 Nxf6+ exf6} (9. Ne2 Bf5 10. c3 Nd7 11. Bf4 Bxf4 12. Nxf4 Rhe8 13. O-O-O a5 14. Rhe1+ Kf8 15. Bd3 Bxd3 16. Nxd3 Rxe1 17. Rxe1 Re8 18. Rxe8+ Kxe8 {1-0 (32) Pridorozhni,A (2565)-Vaishali,R (2330) St Petersburg 2017}) 9... Be6 10. Bxe6 fxe6 11. O-O-O Nd7 $146 ({Find the theoretical novelty and annotate with similar games:} 11... Na6 12. Ne2 Nb4 13. c3 Nd5 14. Bd2 b5 15. a4 a5 16. Kc2 Rhb8 17. Ra1 b4 18. Nc1 c5 19. dxc5 Bxc5 20. Nd3 b3+ 21. Kd1 Bd6 {½-½ (21) Lengyel,B (2425)-Kende,G (2265) Balatonbereny 1995}) 12. c4 b5 13. c5 Bc7 14. Ne2 Rad8 15. f4 f5 16. Bf2 Kf7 17. Kb1 h6 18. Bh4 Rdg8 19. Rhe1 g5 20. Bg3 Nf6 21. fxg5 Bxg3 22. g6+ Rxg6 23. Nxg3 (23. hxg3 $15 Nd5 24. Rd3) 23... Nd5 24. Re5 h5 25. Rf1 Kg7 $2 ({Black should try} 25... h4 $19 26. Ne4 Rxg2 27. Nd6+ Kf6) 26. Ne2 h4 27. Rf2 Kf7 28. Ng1 h3 29. Nxh3 Rh4 30. Rxd5 exd5 31. Rxf5+ Ke7 32. Rf4 (32. Rf2 $142) 32... Rgg4 33. Rxg4 Rxg4 34. g3 Rxd4 35. Nf4 Rd2 36. h4 Rh2 37. Nd3 Ke6 38. Kc1 $19 a5 39. h5 Kf5 40. g4+ Ke4 41. Ne1 Rh4 0-1